 Dungeon Crawl Stone Soup version 0.20.1-1-g8b1a95d (webtiles) character file.

13909 MovingMist the Nimble (level 11, -10/90 HPs)
             Began as a Demonspawn Gladiator on Nov 19, 2017.
             Was a High Priest of Okawaru.
             Mangled by a death knight
             ... wielding a +4 glaive
              (13 damage)
             ... on level 12 of the Dungeon.
             The game lasted 00:36:11 (10691 turns).

MovingMist the Nimble (Demonspawn Gladiator)       Turns: 10691, Time: 00:36:11

Health: -10/90     AC: 10    Str: 17    XL:     11   Next: 81%
Magic:  20/20      EV: 23    Int:  4    God:    Okawaru [*****.]
Gold:   403        SH:  0    Dex: 21    Spells: 10/10 levels left

rFire    . . .     SeeInvis .   V - +9 great sword of the End of Times {flame, *Noise rElec MP+9 Int-5}
rCold    + . .     Gourm    .   (shield currently unavailable)
rNeg     . . .     Faith    .   k - +2 leather armour {rC+}
rPois    .         Spirit   .   (helmet restricted)
rElec    +         Reflect  .   s - +0 cloak
rCorr    .         Harm     .   (no gloves)
MR       .....                  (no boots)
Stlth    +++.......             (no amulet)
Regen    0.3/turn               x - +3 ring of dexterity
MPRegen  0.2/turn               e - ring of stealth

@: vulnerable
A: horns 2, talons 1, iridescent scales 2, agile 1, spiny 1, evolution 1,
MP-powered wands
a: Heroism, Finesse, Renounce Religion


You were on level 12 of the Dungeon.
You worshipped Okawaru.
Okawaru was extremely pleased with you.
You were not hungry.

You visited 1 branch of the dungeon, and saw 12 of its levels.

You collected 679 gold pieces.
You spent 276 gold pieces at shops.

Inventory:

Hand Weapons
 V - the +9 great sword of the End of Times (weapon) {flame, *Noise rElec MP+9 Int-5}
   (Okawaru gifted it to you on level 11 of the Dungeon)

   It has been specially enchanted to burn those struck by it, causing extra
   injury to most foes and up to half again as much damage against particularly
   susceptible opponents.
   Big, fiery blades are also staple armaments of hydra-hunters.
   It affects your intelligence (-5).
   It insulates you from electricity.
   It affects your magic capacity (+9).
   It may make noises in combat.
Missiles
 d - 3 throwing nets (quivered)
Armour
 k - a +2 leather armour of cold resistance (worn)
 s - a +0 cloak (worn)
Jewellery
 e - a ring of stealth (right hand)
 x - a +3 ring of dexterity (left hand)
Wands
 m - a wand of acid (8/15)
 J - a wand of random effects (20/48)
 L - a wand of random effects (25/48)
 N - a wand of flame (23/48)
 P - a wand of flame (23/48)
 Q - a wand of polymorph (13/24)
Scrolls
 c - 2 scrolls of recharging
 g - 2 scrolls of amnesia {unknown}
 l - 2 scrolls of noise {unknown}
 o - 4 scrolls of random uselessness
 p - a scroll of immolation {unknown}
 r - 2 scrolls of teleportation {unknown}
 y - 2 scrolls of enchant armour {unknown}
 D - 2 scrolls of vulnerability {unknown}
 E - 2 scrolls of magic mapping {unknown}
 G - a scroll of enchant weapon {unknown}
 I - 5 scrolls of fear {unknown}
 K - a scroll of acquirement {unknown}
 R - 3 scrolls of remove curse
Potions
 a - a potion of berserk rage {unknown}
 b - 3 potions of curing
 h - a potion of cancellation {unknown}
 q - 2 potions of mutation {unknown}
 t - 3 potions of flight {unknown}
 u - 5 potions of lignification
 v - 2 potions of resistance {unknown}
 w - a potion of ambrosia {unknown}
 z - 2 potions of brilliance {unknown}
 A - a potion of haste
 F - a potion of heal wounds {unknown}
 M - 2 potions of agility {unknown}
Comestibles
 f - 6 bread rations
 i - 3 royal jellies
 n - 5 meat rations
 C - 3 fruits


   Skills:
 + Level 10.0 Fighting
 + Level 9.4 Long Blades
 - Level 1.7 Throwing
 * Level 12.5 Dodging


You had 10 spell levels left.
You didn't know any spells.

Dungeon Overview and Level Annotations

Branches:
Dungeon (12/15)            Temple (0/1) D:4            Lair (0/6) D:11
    Orc (0/2) D:11

Altars:
Dithmenos
Elyvilon
Gozag
Hepliaklqana
Nemelex Xobeh
Okawaru
Ru
Sif Muna
Vehumet
Xom
Yredelemnul
Zin
The Shining One

Shops:
D:4 =   D:5 %   D:6 !

Annotations:
D:7 1 runed door


Innate Abilities, Weirdness & Mutations

You have a pair of horns on your head.
You are mostly covered in iridescent scales. (AC +4)
You are partially covered in sharp spines.
You have sharp toenails.
You are agile. (Dex +2)
You evolve.
You expend magic power (3 MP) to strengthen your wands.


Message History

Your Fighting skill increases to level 10!
The death knight hits you from afar with an enchanted glaive!!
Unknown command.
The death knight completely misses you.
Found a crystal ball of energy.
Things that are here:
a short sword; a kobold corpse You barely miss the death knight.
You claw the death knight, but do no damage.
You headbutt the death knight.
The death knight is lightly wounded.
The death knight reflects your damage back at you!
The death knight barely misses you. The phantasmal warrior hits you!!
Your magical defenses are stripped away!
An adder comes into view.
The adder hisses angrily.
The phantasmal warrior hits you!!
* * * LOW HITPOINT WARNING * * *
The death knight hits you from afar with an enchanted glaive!
You die...

}............
.......S....
...........
..........#
..........#
..........#
.......p..#
......W)))#####..
......)@<<...?...
#################


You could see a death knight, a phantasmal warrior and an adder.

Vanquished Creatures
  Erolcha (D:10)
  3 two-headed ogres
  The ghost of pstr the Destroyer, a novice KoCj of Xom (D:10)
  An unseen horror (D:9)
  A phantasmal warrior (D:11)
  A cyclops (D:11)
  An oklob plant (D:11)
  A kobold demonologist (D:12)
  A freezing wraith (D:11)
  A troll (D:10)
  A hippogriff (D:7)
  A shadow (D:11)
  Eustachio (D:6)
  A wyvern (D:9)
  Grum (D:10)
  4 yaks (D:8)
  The ghost of DasRunzen the Slasher, an amateur DsGl of Okawaru (D:4)
  A hungry ghost (D:8)
  3 soldier ants (D:7)
  2 water moccasins (D:7)
  7 orc warriors
  A swamp drake (D:11)
  2 black bears
  A sky beast (D:10)
  3 ice beasts
  A necrophage (D:6)
  4 wolves (D:10)
  5 ogres
  5 centaurs
  4 big kobolds
  3 bullfrogs
  2 wyvern skeletons
  12 wights
  13 killer bees
  3 howler monkeys
  A bullfrog zombie (D:11)
  2 crimson imps
  4 hounds
  4 jellies
  2 bullfrog skeletons
  8 orc priests
  4 iguanas
  2 centaur skeletons (D:9)
  10 orc wizards
  12 worker ants
  A killer bee zombie (D:6)
  A hound zombie (D:5)
  A worker ant zombie (D:7)
  8 gnolls
  16 adders
  4 shadow imps
  2 oozes
  An adder skeleton (D:4)
  A worm (D:3)
  A dart slug (D:2)
  6 leopard geckos
  38 orcs
  7 bats
  7 giant cockroaches
  7 goblins
  6 hobgoblins
  8 jackals
  28 kobolds
  8 quokkas
  2 ball pythons
  6 frilled lizards
  A quokka skeleton (D:9)
  12 rats
315 creatures vanquished.

Vanquished Creatures (others)
  An orc wizard (D:9)
  An orc (D:9)
2 creatures vanquished.

Grand Total: 317 creatures vanquished

Notes
Turn   | Place    | Note
-------+----------+-------------------------------------------
     0 | D:1      | MovingMist the Demonspawn Gladiator began the quest for the Orb.
     0 | D:1      | Reached XP level 1. HP: 16/16 MP: 1/1
   258 | D:1      | Gained mutation: You have a pair of small horns on your head. [demonic ancestry]
   258 | D:1      | Reached XP level 2. HP: 14/22 MP: 2/2
   309 | D:1      | Reached skill level 3 in Dodging
   789 | D:2      | Found a radiant altar of Vehumet.
   919 | D:2      | Gained mutation: You are partially covered in sharp spines. [demonic ancestry]
   919 | D:2      | Reached XP level 3. HP: 24/28 MP: 3/3
  1569 | D:3      | Gained mutation: You have a pair of horns on your head. [demonic ancestry]
  1569 | D:3      | Reached XP level 4. HP: 29/34 MP: 4/4
  1617 | D:3      | You fall through a shaft for 2 floors!
  1617 | D:5      | Entered Level 5 of the Dungeon
  1635 | D:5      | Reached skill level 4 in Dodging
  1635 | D:5      | Reached XP level 5. HP: 36/41 MP: 5/5
  1665 | D:5      | Noticed an ogre
  1665 | D:5      | Noticed a centaur
  2048 | D:4      | Noticed DasRunzen's ghost (amateur DsGl)
  2068 | D:4      | Killed DasRunzen's ghost
  2068 | D:4      | Gained mutation: You are partially covered in iridescent scales. (AC +2) [demonic ancestry]
  2068 | D:4      | Reached XP level 6. HP: 10/48 MP: 6/6
  2454 | D:3      | Found a sparkling altar of Nemelex Xobeh.
  2570 | D:3      | Found a shadowy altar of Dithmenos.
  2590 | D:3      | Found an iron altar of Okawaru.
  2602 | D:3      | Reached skill level 5 in Dodging
  2633 | D:3      | Became a worshipper of Warmaster Okawaru
  3131 | D:4      | Found Yngy's Jewellery Boutique.
  3138 | D:4      | Reached XP level 7. HP: 43/54 MP: 7/7
  3145 | D:4      | Bought a +3 ring of dexterity for 204 gold pieces
  3205 | D:4      | Found a staircase to the Ecumenical Temple.
  3542 | D:4      | Found a shimmering altar of Xom.
  3543 | D:4      | Found an opulent altar of Gozag.
  3606 | D:4      | Reached * piety under Okawaru
  3612 | D:4      | Reached skill level 5 in Long Blades
  3612 | D:4      | Reached skill level 6 in Dodging
  3653 | D:5      | Reached XP level 8. HP: 51/61 MP: 8/8
  3657 | D:5      | Reached skill level 5 in Fighting
  3661 | D:5      | Found a shimmering altar of Xom.
  3663 | D:5      | Found Dootut's Food Shop.
  3833 | D:5      | Found a hazy altar of Hepliaklqana.
  4230 | D:6      | Reached skill level 7 in Dodging
  4299 | D:6      | Reached ** piety under Okawaru
  4828 | D:6      | Reached skill level 8 in Dodging
  4862 | D:6      | Gained mutation: You are mostly covered in iridescent scales. (AC +4) [demonic ancestry]
  4862 | D:6      | Reached XP level 9. HP: 44/69 MP: 9/9
  4912 | D:6      | Found Bupp's Distillery.
  4917 | D:6      | Bought 2 potions of curing for 72 gold pieces
  5220 | D:6      | Noticed Eustachio
  5238 | D:6      | Killed Eustachio
  5265 | D:6      | Found a glowing silver altar of Zin.
  5587 | D:7      | Reached *** piety under Okawaru
  5587 | D:7      | Received a gift from Okawaru
  5613 | D:7      | Found a runed door.
  5613 | D:7      | Found a runed gate.
  5628 | D:7      | Found a runed door.
  5649 | D:7      | Found a runed gate.
  5661 | D:7      | Found a runed gate.
  5928 | D:7      | Reached skill level 9 in Dodging
  6469 | D:7      | Reached **** piety under Okawaru
  6469 | D:7      | Reached XP level 10. HP: 37/79 MP: 10/10
  6606 | D:8      | Noticed a two-headed ogre
  6612 | D:8      | Killed a two-headed ogre
  6612 | D:8      | Reached skill level 10 in Dodging
  6961 | D:8      | Found a white marble altar of Elyvilon.
  7064 | D:8      | Found a deep blue altar of Sif Muna.
  7432 | D:9      | Reached ***** piety under Okawaru
  7467 | D:10     | Entered Level 10 of the Dungeon
  7494 | D:10     | Noticed Grum
  7506 | D:10     | Killed Grum
  7812 | D:9      | Killed an unseen horror
  7812 | D:9      | Received a gift from Okawaru
  7812 | D:9      | Reached skill level 11 in Dodging
  8181 | D:9      | Found a sacrificial altar of Ru.
  8280 | D:9      | Reached XP level 11. HP: 81/87 MP: 11/11
  8452 | D:9      | Found a glowing golden altar of the Shining One.
  8472 | D:9      | Found a basalt altar of Yredelemnul.
  8474 | D:9      | Noticed a profane servitor
  8531 | D:9      | Noticed a two-headed ogre
  8536 | D:9      | Killed a two-headed ogre
  8612 | D:9      | Noticed an angel
  8732 | D:10     | Noticed pstr's ghost (novice KoCj)
  8769 | D:10     | Killed pstr's ghost
  9212 | D:10     | Received a gift from Okawaru
  9309 | D:10     | Gained mutation: You expend magic power (3 MP) to strengthen your wands. [mutagenic meat]
  9311 | D:10     | Gained mutation: You evolve. [mutagenic meat]
  9313 | D:10     | Gained mutation: You have sharp toenails. [mutagenic meat]
  9333 | D:10     | Gained mutation: You are agile. (Dex +2) [evolution]
  9357 | D:10     | Noticed Erolcha
  9366 | D:10     | Killed Erolcha
  9475 | D:11     | Found a staircase to the Lair.
  9475 | D:11     | Noticed an oklob plant
  9655 | D:11     | Killed an oklob plant
  9655 | D:11     | Received a gift from Okawaru
  9658 | D:11     | Got a slimy great sword {god gift}
  9663 | D:11     | Identified the +9 great sword of the End of Times {flame, *Noise rElec MP+9 Int-5} (Okawaru gifted it to you on level 11 of the Dungeon)
 10019 | D:11     | Noticed a two-headed ogre
 10030 | D:11     | Killed a two-headed ogre
 10030 | D:11     | Reached skill level 12 in Dodging
 10239 | D:11     | Found a staircase to the Orcish Mines.
 10517 | D:12     | Noticed a death knight
 10517 | D:12     | Noticed a phantasmal warrior
 10565 | D:12     | Noticed a phantasmal warrior
 10570 | D:11     | Killed a phantasmal warrior
 10688 | D:12     | Reached skill level 10 in Fighting
 10691 | D:12     | HP: 3/90 [phantasmal warrior[a death knight] (33)]
 10691 | D:12     | Mangled by a death knight

Skill      XL: |  1  2  3  4  5  6  7  8  9 10 11 |
---------------+----------------------------------+-----
Dodging        | 3 4 5 6 8 9 11 12 | 12.5
Long Blades    | 3 4 5 6 7 8 9 |  9.4
Fighting       | 3 4 6 7 8 10 | 10.0
Throwing       | |  1.7

Action                   |  1- 3 |  4- 6 |  7- 9 | 10-12 || total
-------------------------+-------+-------+-------+-------++-------
Melee: Long sword        |    96 |    86 |   178 |   222 ||   582
       Headbutt          |    11 |    19 |    64 |    72 ||   166
       Great sword       |       |       |    34 |    57 ||    91
       Kick              |       |       |       |    31 ||    31
  Use: Scroll            |       |       |     3 |     3 ||     6
       Potion            |       |       |       |     4 ||     4
 Stab: Sleeping          |       |       |     2 |     6 ||     8
  Eat: Chunk             |     2 |     1 |    11 |    13 ||    27
       Bread ration      |       |     1 |       |     2 ||     3
Armor: Leather armour    |    29 |    18 |    49 |    46 ||   142
Dodge: Dodged            |    59 |    72 |   181 |   240 ||   552
Block: Shield            |       |       |       |    28 ||    28
       Rpst.: Long sword |    18 |    22 |    47 |    44 ||   131
       Great sword       |       |       |     7 |    13 ||    20
